AoeStats
← MiniColossus

Black Forest

509976844Analyzed
4v4 RM · 5d ago on Sep 28, 2026· 47m 14s· 8 players
Game mode
Random Map
Map size
Large (8 player)
Population
200
Speed
Normal
Resources
Standard
Victory
Conquest
Starting age
Dark Age
Ending age
Imperial Age
RankedLock teamsTeams togetherTeam positionsShared explorationLock speedFull tech treeHidden civsTurbo modeCheats
Victory
Defeat
🇵🇱 Hindustanis · Poland
1166
+14
🇺🇸 Goths · United States
1165
+14
🇵🇪 Khmer · Peru
1136
+15
🇬🇧 Varangians · United Kingdom
1111
+16
🇮🇪 Magyars · Ireland
1178
-18
🇬🇧 Danes · United Kingdom
1115
-15
🇬🇧 Lithuanians · United Kingdom
1084
-13
🇮🇹 Shu · Italy
1081
-13
lordraiden36
1:11 Loom
12:27 Feudal Age
12:32 Man-at-Arms
13:45 Horse Collar
15:34 Scale Mail Armor
20:33 Castle Age
19:23 Double-Bit Axe
20:58 Forging
22:08 Chain Mail Armor
21:46 Gold Mining
27:28 Squires
30:01 Bow Saw
31:20 Iron Casting
32:10 Wheelbarrow
31:22 Town Watch
32:48 Anarchy
36:45 Imperial Age
34:41 Hand Cart
36:07 Town Patrol
36:38 Pikeman
36:52 Elite Huskarl
37:53 Conscription
38:45 Blast Furnace
46:27 Halberdier
46:27 Long Swordsman
47:00 Fletching
PilotePSP
0:27 Loom
16:22 Feudal Age
23:13 Castle Age
21:36 Double-Bit Axe
21:48 Horse Collar
22:37 Fletching
24:38 Bow Saw
27:01 Town Watch
28:02 Redemption
30:10 Heavy Plow
30:08 Bodkin Arrow
31:50 Wheelbarrow
31:38 Gold Mining
37:04 Imperial Age
36:41 Forging
36:56 Ballistics
37:53 Gold Shaft Mining
37:50 Hand Cart
37:12 Heavy Scorpion
38:59 Chemistry
40:45 Double Crossbow
40:56 Bracer
41:34 Iron Casting
41:29 Fervor
44:57 Bloodlines
Launger
2:48 Loom
18:42 Feudal Age
20:27 Double-Bit Axe
22:44 Castle Age
28:56 Bow Saw
32:17 Wheelbarrow
31:46 Horse Collar
33:37 Hand Cart
37:04 Imperial Age
36:15 Gold Mining
38:18 Stone Mining
39:04 Gold Shaft Mining
39:19 Light Cavalry
40:11 Bloodlines
40:16 Scale Barding Armor
40:21 Forging
41:20 Chain Barding Armor
40:25 Heavy Camel Rider
41:08 Husbandry
42:52 Chemistry
42:12 Ballistics
41:46 Fletching
41:56 Padded Archer Armor
42:31 Iron Casting
41:34 Hussar
42:33 Imperial Camel Rider
44:04 Bodkin Arrow
44:25 Leather Archer Armor
44:47 Plate Barding Armor
47:30 Bracer
48:01 Ring Archer Armor
48:32 Blast Furnace
47:34 Scale Mail Armor
Cheesepuffs1897
7:36 Loom
8:14 Loom
10:35 Feudal Age
14:31 Castle Age
13:12 Double-Bit Axe
13:10 Horse Collar
15:34 Bow Saw
16:19 Heavy Plow
20:02 Wheelbarrow
23:08 Hand Cart
24:24 Gold Mining
24:24 Stone Mining
25:47 Stone Shaft Mining
27:05 Town Watch
30:00 Imperial Age
27:45 Scale Barding Armor
27:51 Forging
27:57 Caravan
28:48 Treadmill Crane
29:29 Ballistics
29:37 Chain Barding Armor
29:53 Iron Casting
30:51 Town Patrol
31:29 Plate Barding Armor
31:17 Conscription
30:28 Elite Jarl
33:06 Blast Furnace
32:34 Bloodlines
32:24 Husbandry
32:41 Fletching
33:18 Siege Engineers
33:33 Ballistics
34:14 Chemistry
45:13 Guilds
45:34 Coinage
Blind Archer
0:26 Loom
21:32 Feudal Age
26:20 Castle Age
24:10 Double-Bit Axe
26:38 Scale Barding Armor
31:14 Bloodlines
34:00 Bow Saw
46:22 Stone Mining
MiniColossus
9:51 Feudal Age
11:11 Loom
14:04 Castle Age
24:15 Husbandry
24:25 Bloodlines
27:29 Scale Barding Armor
33:02 Imperial Age
31:10 Wheelbarrow
32:52 Chain Barding Armor
32:42 Forging
32:28 Horse Collar
32:38 Double-Bit Axe
33:29 Cavalier
34:30 Hand Cart
35:23 Paladin
38:17 Plate Barding Armor
38:18 Iron Casting
Danny
6:24 Loom
15:54 Feudal Age
18:18 Double-Bit Axe
20:58 Castle Age
20:13 Horse Collar
22:15 Scale Mail Armor
24:41 Wheelbarrow
29:50 Bow Saw
29:59 Heavy Plow
31:13 Hand Cart
31:56 Gambesons
32:12 Squires
31:59 Arson
35:41 Imperial Age
34:29 Chain Mail Armor
34:24 Forging
38:33 Elite Varangian Guard
38:47 Hamask
Renesis
4:29 Loom
10:53 Feudal Age
12:25 Double-Bit Axe
13:57 Fletching
14:05 Horse Collar
14:17 Gold Mining
19:30 Wheelbarrow
19:33 Padded Archer Armor
24:10 Castle Age
23:02 Stone Mining
25:17 Bow Saw
25:09 Heavy Plow
24:53 Crossbowman
26:22 Bodkin Arrow
28:04 Thumb Ring
29:47 Hand Cart
30:30 Gold Shaft Mining
30:33 Leather Archer Armor
30:41 Ballistics
31:39 Fortified Wall
37:05 Imperial Age
35:24 Town Watch
35:27 Treadmill Crane
37:07 Town Patrol
37:53 Bracer
37:24 Arbalester
39:11 Chemistry
41:01 Conscription
40:48 Bolt Magazine
42:09 Ring Archer Armor
44:34 Scale Mail Armor
44:44 Forging
45:20 Masonry
46:19 Chain Mail Armor
46:44 Guilds
47:56 Two-Man Saw
47:25 Squires
47:10 Gambesons
Connection lost

Rejoining the realm…

Still unreachable

The connection could not be restored.

Session expired

The server has moved on; the page needs a fresh start.